 Dungeon Crawl Stone Soup version 0.32-a0-876-gcfddb08e57 (webtiles) character file.

Game seed: 17914331170676110612

28 Autsider the Magician (level 3, 35/35 HPs)
             Began as an Oni Hedge Wizard on Apr 1, 2024.
             Quit the game on level 2 of the Dungeon.
             The game lasted 00:04:09 (1445 turns).

Autsider the Magician (Oni Hedge Wizard)            Turns: 1445, Time: 00:04:10

Health: 35/35      AC:  3    Str: 14    XL:     3   Next: 12%
Magic:  8/8        EV:  8    Int: 17    God:
Gold:   37         SH:  0    Dex:  8    Spells: 9/10 levels left

rFire   . . .        (no weapon)
rCold   . . .        (no shield)
rNeg    . . .        b - +0 robe
rPois   .            c - melded +0 hat
rElec   .            (cloak currently unavailable)
rCorr   .            (gloves unavailable)
SInv    .            (boots unavailable)
Will    .....        (no amulet)
Stlth   +            (no ring)
HPRegen 0.25/turn    (no ring)
MPRegen 0.11/turn

%: no passive effects
@: beast-form
A: beast (slay +0), large, unfitting armour, horns 1, tough skin 1, double
potion healing, drunken brawling
a: Begin Untransformation


You were on level 2 of the Dungeon.
You were a hulking beast.
You visited 1 branch of the dungeon, and saw 2 of its levels.

You collected 37 gold pieces.

Inventory:

Armour
 b - a +0 robe (worn)
 c - a +0 hat (melded)
Talismans
 h - a beast talisman (active)
Potions
 a - a potion of curing {unknown}
 d - a potion of magic
 e - a potion of mutation {unknown}
 f - a potion of berserk rage {unknown}
 g - a potion of degeneration {unknown}


   Skills:
 + Level 2.0 Fighting
 - Level 1.7 Dodging
 - Level 1.4 Stealth
 - Level 4.0 Spellcasting
 + Level 1.6 Conjurations
 - Level 1.0 Summonings
 - Level 1.0 Translocations


You had 9 spell levels left.
You knew the following spells:

 Your Spells              Type           Power      Damage    Failure   Level
a - Magic Dart            Conj           32%        1d4       9%          1

Your spell library contained the following spells:

 Spells                   Type           Power      Damage    Failure   Level
 Slow                     Hex            12%        N/A       16%         1
 Blink                    Tloc           12%        N/A       16%         2
 Call Imp                 Summ           12%        N/A       16%         2
 Cigotuvi's Dreadful Rot  Necr/Alch/Air  6%         N/A       24%         2
 Mephitic Cloud           Conj/Alch/Air  5%         N/A       36%         3


Dungeon Overview and Level Annotations

Branches:
Dungeon (2/15)

Altars:


Innate Abilities, Weirdness & Mutations

You are a hulking beast.
Your limbs bulge with bestial killing power. (Slay +0)
You are too large for most types of armour.
You have a pair of small horns on your head.
You have tough skin. (AC +1)
You gain doubled healing and magic from potions.
Whenever you drink a healing potion, you attack all around you.


Message History

Aiming: Magic Dart (safe; 9% risk of failure)
Press: ? - help, Shift-Dir - straight line, f/p - dart slug
Aim: a dart slug (100% to hit)
The magic dart hits the dart slug.
The dart slug is heavily wounded.
Casting: Magic Dart (safe; 9% risk of failure)
Confirm with . or Enter, or press ? or * to list all spells.
Aiming: Magic Dart (safe; 9% risk of failure)
Press: ? - help, Shift-Dir - straight line, f/p - dart slug
Aim: a dart slug (heavily wounded, 100% to hit)
The magic dart hits the dart slug but does no damage.
The dart slug is heavily wounded.
Casting: Magic Dart (safe; 9% risk of failure)
Confirm with . or Enter, or press ? or * to list all spells.
Aiming: Magic Dart (safe; 9% risk of failure)
Press: ? - help, Shift-Dir - straight line, f/p - dart slug
Aim: a dart slug (heavily wounded, 100% to hit)
The magic dart hits the dart slug but does no damage.
The dart slug is heavily wounded.
The dart slug launches a dart at you. The slug dart hits you.
Casting: Magic Dart (safe; 9% risk of failure)
Confirm with . or Enter, or press ? or * to list all spells.
Aiming: Magic Dart (safe; 9% risk of failure)
Press: ? - help, Shift-Dir - straight line, f/p - dart slug
Aim: a dart slug (heavily wounded, 100% to hit)
The magic dart hits the dart slug.
The dart slug is severely wounded.
Casting: Magic Dart (safe; 9% risk of failure)
Confirm with . or Enter, or press ? or * to list all spells.
Aiming: Magic Dart (safe; 9% risk of failure)
Press: ? - help, Shift-Dir - straight line, f/p - dart slug
Aim: a dart slug (severely wounded, 100% to hit)
The magic dart hits the dart slug.
You kill the dart slug!
Your Fighting skill increases to level 2!
HP restored.
Magic restored.
Found 7 stones.
Are you sure you want to abandon this character and quit the game? (Confirm with "yes".)

(#.. # ....
#. ...# #..
#..# #
#..##†.##.#
#........
#.....# #h#
#.###
#.#.##
#....####
#.<.....+
#....####
#..#.##
#.#### #.


There were no monsters in sight!

Vanquished Creatures
  A dart slug (D:2)
  2 ball pythons (D:1)
  2 endoplasms (D:1)
  2 giant cockroaches (D:1)
  A goblin (D:1)
  4 jackals (D:1)
  5 kobolds (D:1)
  A quokka (D:1)
  A bat (D:1)
  2 frilled lizards (D:1)
  2 rats (D:1)
23 creatures vanquished.

Notes
Turn   | Place    | Note
-------+----------+-------------------------------------------
     0 | D:1      | Autsider the Oni Hedge Wizard began the quest for the Orb.
     0 | D:1      | Reached XP level 1. HP: 16/16 MP: 5/5
   167 | D:1      | Reached skill level 1 in Conjurations
   167 | D:1      | Reached skill level 1 in Summonings
   167 | D:1      | Reached skill level 1 in Translocations
   225 | D:1      | Found a faded altar of an unknown god.
   317 | D:1      | Reached XP level 2. HP: 26/26 MP: 2/6
   331 | D:1      | Reached skill level 1 in Fighting
   855 | D:1      | Reached skill level 4 in Spellcasting
  1080 | D:1      | Reached XP level 3. HP: 35/35 MP: 4/8
  1445 | D:2      | Quit the game

Illustrated notes

Levels and vault maps discovered:
D:1:      elethiomel_arrival_maze, layout_basic, nicolae_ecumenical_lake_church
D:2:      layout_loops_corners

Skill      XL: |  1  2  3 |
---------------+----------+-----
Conjurations   | 1 |  1.6
Summonings     | 1 |  1.0
Translocations | 1 |  1.0
Fighting       | 1 2 |  2.0
Spellcasting   | 4 |  4.0
Dodging        | |  1.7
Stealth        | |  1.4

Action                     || total
---------------------------++-------
  Melee: Unarmed           ||    57
         Headbutt          ||     9
   Cast: Magic Dart        ||    43
 Armour: Robe              ||    59
  Dodge: Dodged            ||    37
   Form: Beast             ||     1

Table legend: (Time is in decaauts)
 A = Elapsed time spent in this place.
 B = Non-inter-level travel time spent in this place.
 C = Inter-level travel time spent in this place.
 D = Time resting spent in this place.
 E = Time spent auto-exploring this place.
 F = Levels seen in this place.
 G = Mean time per level.
                   A        B        C        D        E       F      G
               +--------+--------+--------+--------+--------+-----+--------+
         Total |   1444 |   1419 |     25 |      0 |   1226 |   2 |  722.0 |
       Dungeon |   1444 |   1419 |     25 |      0 |   1226 |   2 |  722.0 |
               +--------+--------+--------+--------+--------+-----+--------+

Top non-repeatable levels by time:
     D:1: 1384 daAuts
     D:2: 60 daAuts
